 Dungeon Crawl Stone Soup version 0.29-a0-334-gb41bcbb86e (webtiles) character file.

Game seed: 7455274311310683884

3296 Dauddaud the Basher (level 9, -1/75 HPs)
             Began as a Minotaur Berserker on Apr 14, 2022.
             Was an Elder of Trog.
             Slain by Menkaure (17 damage)
             ... on level 7 of the Dungeon.
             The game lasted 00:22:42 (6909 turns).

Dauddaud the Basher (Minotaur Berserker)            Turns: 6909, Time: 00:22:42

Health: -1/75      AC: 10    Str: 26    XL:     9   Next: 70%
Magic:  8/8        EV:  9    Int:  4    God:    Trog [****..]
Gold:   328        SH:  0    Dex: 10    Spells: 8/8 levels left

rFire   . . .      SeeInvis +   q - +3 whip of the Squeaky God {speed, Fragile rPois rN+ SInv}
rCold   . . .      Faith    +   (no shield)
rNeg    + . .      Spirit   .   K - +0 chain mail
rPois   +          Reflect  .   (helmet restricted)
rElec   .          Harm     .   (no cloak)
rCorr   .          Rampage  .   (no gloves)
Will    ++...                   o - +0 pair of boots
Stlth   ..........              n - amulet of faith
HPRegen 1.22/turn               d - ring of flight
MPRegen 0.11/turn               (no ring)

@: strong-willed, on berserk cooldown, flying, regenerating, slowed, very slow
A: horns 2, retaliatory headbutt
a: Renounce Religion, Berserk, Trog's Hand, Brothers in Arms


You were on level 7 of the Dungeon.
You worshipped Trog.
Trog was greatly pleased with you.
You visited 1 branch of the dungeon, and saw 7 of its levels.

You collected 328 gold pieces.

Inventory:

Hand Weapons
 a - a +0 hand axe
 f - a +0 war axe
 q - the +3 whip of the Squeaky God (weapon) {speed, Fragile rPois rN+ SInv}
   (You found it on level 2 of the Dungeon)

   Attacks with this weapon are significantly faster.
   rPois:     It protects you from poison.
   rN:        It protects you from negative energy.
   SInv:      It lets you see invisible.
   Fragile:   It will be destroyed if unequipped.
 w - a +0 club
 x - a +0 mace
 y - a +0 vorpal spear
 E - a +0 halberd
 F - a +1 vorpal flail
 M - a +0 bardiche
Missiles
 N - 4 throwing nets (quivered)
Armour
 b - a +0 animal skin
 m - a +0 scale mail
 o - a +0 pair of boots (worn)
 K - a +0 chain mail (worn)
Jewellery
 d - a ring of flight (left hand)
 n - an amulet of faith (around neck)
 H - a ring of ice
Wands
 J - a wand of mindburst (8)
 O - a wand of flame (12)
Scrolls
 c - 6 scrolls of teleportation
 j - a scroll of blinking
 p - a scroll of fog
 t - a scroll of brand weapon {unknown}
 v - 2 scrolls of amnesia
 D - 2 scrolls of enchant weapon {unknown}
 G - a scroll of vulnerability {unknown}
 I - 3 scrolls of identify
 L - a scroll of magic mapping {unknown}
Potions
 e - 3 potions of curing {unknown}
 g - 2 potions of heal wounds
 h - 3 potions of attraction
 i - a potion of might {unknown}
 k - 3 potions of mutation
 l - a potion of lignification {unknown}
 r - a potion of brilliance {unknown}
 s - a potion of haste {unknown}
 u - 2 potions of invisibility {unknown}
 z - a potion of flight {unknown}
 A - a potion of resistance {unknown}
 B - a potion of ambrosia {unknown}
 C - 2 potions of berserk rage {unknown}


   Skills:
 + Level 5.7 Fighting
 - Level 5.0(10.9) Axes
 - Level 14.3(14.6) Maces & Flails
 * Level 4.0(5.2) Polearms
 - Level 2.7 Armour
 - Level 2.7 Dodging


You had 8 spell levels left.
You didn't know any spells.
Your spell library was empty.

Dungeon Overview and Level Annotations

Branches:
Dungeon (7/15)             Temple (0/1) D:6

Altars:
Ashenzari
Elyvilon
Gozag
Makhleb
Sif Muna
Trog
Uskayaw
Vehumet
Yredelemnul
Zin
The Shining One

Shops:
D:1 *   D:3 :   D:7 *

Annotations:
D:7 Menkaure


Innate Abilities, Weirdness & Mutations

You have a pair of horns on your head.
You reflexively headbutt those who attack you in melee.


Message History

You tear a large gash into the net.
You struggle against the net.
You feel your anger nearly subside.
You are no longer berserk.
You are exhausted.
You feel yourself slow down. The gnoll barely misses you.
Menkaure calls on the powers of darkness!
The gnoll convulses! x3; Your body is wracked with pain!
You rip the net and break free!
The gnoll barely misses you. The gnoll hits you but does no damage.
You completely miss the gnoll.
The gnoll is heavily wounded.
You whack the gnoll!
You kill the gnoll!
Trog accepts your kill. The gnoll hits you but does no damage.
Okay, then.
Your skin crawls.
You feel strong-willed. The gnoll hits you with a +0 whip.
The gnoll closely misses you.
You fail to use your ability.
The gnoll hits you with a +0 whip.
The gnoll hits you but does no damage. x2
The gnoll hits you from afar with a +0 spear.
You whack the gnoll!
You kill the gnoll!
Trog accepts your kill.
Menkaure mumbles some strange words.
Menkaure seems to speed up.
The gnoll hits you but does no damage. The gnoll closely misses you.
Menkaure calls on the powers of darkness!
The gnoll convulses!
Your body is wracked with pain!
* * * LOW HITPOINT WARNING * * *
The gnoll hits you from afar with a +0 spear.
* * * LOW HITPOINT WARNING * * *
Menkaure calls on the powers of darkness!
The gnoll convulses!
Your body is wracked with pain!
* * * LOW HITPOINT WARNING * * *
The gnoll completely misses you. Menkaure hits you!
You die...

#.# #####.# #.# . #.#
...#.####.####.
###########.#####.#.##........
...........(.................
...#####.#####.#........... ###+#
#.#####)#####....#.##.....
......#..)..).....#....#.##....#
......)?.....gM..........##.....
......#.......#@..#..###..#.....
......##.##########...##..#....#
.........# .....#.......+
####.##.##### # ##..#.........#
.....##.#... .# ###.###........#
........#.####.#.....#⌠_..∩.....#
....####.............###.......##
......................#........#
....####)†.....................#


You could see Menkaure (fast) and a gnoll.

Vanquished Creatures
  A two-headed ogre (D:6)
  The ghost of P0WERM0DE the Agent of Entropy, an amateur DsAK of Lugonu (D:4)
  Duvessa (D:6)
  2 water moccasins (D:6)
  A black bear (D:6)
  2 orc warriors
  An ice beast (D:6)
  4 sky beasts
  2 ogres
  3 phantoms
  A bullfrog (D:5)
  2 necrophages (D:6)
  Dowan (D:6)
  4 jellies
  3 hounds
  5 orc priests
  A gnoll shaman (D:6)
  An iguana (D:5)
  8 orc wizards
  14 gnolls
  2 adders
  A shadow imp (D:6)
  A white imp (D:5)
  2 ufetubi
  4 worms
  7 dart slugs
  20 orcs
  6 bats
  6 endoplasms
  3 giant cockroaches
  5 goblins
  4 hobgoblins
  7 jackals
  10 kobolds
  2 quokkas
  14 ball pythons
  4 frilled lizards
  10 rats
166 creatures vanquished.

Vanquished Creatures (others)
  7 plants (D:3)
7 creatures vanquished.

Grand Total: 173 creatures vanquished

Notes
Turn   | Place    | Note
-------+----------+-------------------------------------------
     0 | D:1      | Dauddaud the Minotaur Berserker began the quest for the
                  | Orb.
     0 | D:1      | Reached XP level 1. HP: 19/19 MP: 0/0
   214 | D:1      | Reached XP level 2. HP: 21/27 MP: 1/1
   413 | D:1      | Found a faded altar of an unknown god.
   494 | D:1      | Reached XP level 3. HP: 33/33 MP: 2/2
   521 | D:1      | Reached ** piety under Trog
   881 | D:1      | Found Qiddoa's Assorted Antiques.
  1378 | D:2      | Found a broken altar of Ashenzari.
  1636 | D:2      | Reached skill level 5 in Axes
  1896 | D:2      | Identified the +3 whip of the Squeaky God {speed, Fragile
                  | rPois rN+ SInv}
  1933 | D:2      | Reached XP level 4. HP: 37/40 MP: 3/3
  2095 | D:3      | Reached skill level 1 in Maces & Flails
  2148 | D:3      | Found a shimmering blue altar of Sif Muna.
  2315 | D:3      | Reached skill level 2 in Maces & Flails
  2324 | D:3      | Reached *** piety under Trog
  2397 | D:3      | Reached skill level 3 in Maces & Flails
  2400 | D:3      | Reached XP level 5. HP: 36/46 MP: 4/4
  2623 | D:3      | Found Paohao's Book Boutique.
  2747 | D:4      | Found a runed translucent gate.
  2747 | D:4      | Found a runed translucent gate.
  2747 | D:4      | Found a runed translucent gate.
  2748 | D:4      | Found an opulent altar of Gozag.
  2749 | D:4      | Noticed an orc warrior
  2749 | D:4      | Noticed P0WERM0DE's ghost (amateur DsAK)
  2783 | D:4      | Reached skill level 4 in Maces & Flails
  3037 | D:4      | Noticed an ogre
  3042 | D:4      | Killed an ogre
  3043 | D:4      | Reached skill level 5 in Maces & Flails
  3043 | D:4      | Reached XP level 6. HP: 52/52 MP: 5/5
  3636 | D:4      | Killed P0WERM0DE's ghost
  3637 | D:4      | Reached skill level 6 in Maces & Flails
  3642 | D:4      | Killed an orc warrior
  3643 | D:4      | Reached skill level 7 in Maces & Flails
  3815 | D:5      | Entered Level 5 of the Dungeon
  3835 | D:5      | Reached XP level 7. HP: 57/59 MP: 6/6
  3882 | D:5      | Noticed a moth of wrath
  3887 | D:5      | Found a bloodstained altar of Trog.
  3968 | D:5      | Found a white marble altar of Elyvilon.
  4026 | D:5      | Reached skill level 8 in Maces & Flails
  4194 | D:5      | Reached **** piety under Trog
  4195 | D:5      | Reached skill level 9 in Maces & Flails
  4285 | D:5      | Found a hide-covered altar of Uskayaw.
  4294 | D:5      | Found a glowing golden altar of the Shining One.
  4325 | D:5      | Found a basalt altar of Yredelemnul.
  4355 | D:5      | You are sucked into a shaft and drop 1 floor!
  4366 | D:6      | Found a staircase to the Ecumenical Temple.
  4465 | D:6      | Reached skill level 10 in Maces & Flails
  4465 | D:6      | Reached XP level 8. HP: 65/66 MP: 7/7
  4554 | D:6      | Reached skill level 11 in Maces & Flails
  4602 | D:6      | Noticed Duvessa
  4614 | D:6      | Killed Duvessa
  4618 | D:6      | Noticed Dowan
  4632 | D:6      | Killed Dowan
  4633 | D:6      | Reached skill level 12 in Maces & Flails
  4769 | D:6      | Found an opulent altar of Gozag.
  4855 | D:6      | Noticed a two-headed ogre
  4865 | D:6      | Killed a two-headed ogre
  4866 | D:6      | Reached skill level 13 in Maces & Flails
  4866 | D:6      | Reached XP level 9. HP: 55/71 MP: 8/8
  5600 | D:6      | Reached skill level 14 in Maces & Flails
  6011 | D:5      | Found a radiant altar of Vehumet.
  6204 | D:7      | Reached skill level 1 in Polearms
  6495 | D:7      | Reached skill level 5 in Fighting
  6498 | D:7      | Reached ***** piety under Trog
  6650 | D:7      | Found a burning altar of Makhleb.
  6830 | D:7      | Found Zin's Purification Station.
  6830 | D:7      | Found a glowing silver altar of Zin.
  6888 | D:7      | Noticed Menkaure
  6909 | D:7      | Slain by Menkaure

Illustrated notes

Levels and vault maps discovered:
D:1:      amcnicky_arrival_abandoned_market, layout_basic, serial_shops, shop,
          ebering_ecumenical_altar_abandoned, minmay_tall_x
D:2:      layout_basic, basic_altar, minmay_stone_trees_small
D:3:      cheibrodos_old_hovel, layout_rooms, mainiacjoe_overflow_cross_hatched,
          serial_shops, nicolae_shop_stone
D:4:      layout_rooms, ebering_ghost_gozag, minmay_misc_feat_five, minivault_5,
          kennysheep_another_room, nicolae_zen_rock_garden, solitary_fountain
D:5:      layout_basic, kennysheep_ying_yang, tgw_trog, old_standard_altar,
          mainiacjoe_overflow_swirl, minivault_11
D:6:      layout_loops_ring, grunt_gozag_statues, minmay_temple_entry_hall,
          uniq_duvessa
D:7:      layout_basic, bloody_makhleb, zin_purify, chequers_jeans,
          chequers_serial_rivers_marsh, uniq_menkaure

Skill      XL: |  1  2  3  4  5  6  7  8  9 |
---------------+----------------------------+-----
Fighting       | 4 5 |  5.7
Axes           | 4 5 |  5.0
Maces & Flails | 3 5 7 10 13 14 | 14.3
Polearms       | 4 |  4.0
Armour         | |  2.7
Dodging        | |  2.7

Action                   |  1- 3 |  4- 6 |  7- 9 || total
-------------------------+-------+-------+-------++-------
Melee: Hand axe          |    83 |       |       ||    83
       Headbutt          |    17 |    13 |    52 ||    82
       Whip              |     3 |   101 |   262 ||   366
       Punch             |     1 |     2 |     4 ||     7
Invok: Berserk           |     1 |     3 |     6 ||    10
       Trog's Hand       |       |     1 |     3 ||     4
  Use: Scroll            |       |     7 |     1 ||     8
       Potion            |       |       |     1 ||     1
Armor: Animal skin       |    11 |       |       ||    11
       Scale mail        |     5 |    30 |    15 ||    50
       Chain mail        |       |       |    51 ||    51
Dodge: Dodged            |    45 |    36 |    53 ||   134

Table legend: (Time is in decaauts)
 A = Elapsed time spent in this place.
 B = Non-inter-level travel time spent in this place.
 C = Inter-level travel time spent in this place.
 D = Time resting spent in this place.
 E = Time spent auto-exploring this place.
 F = Levels seen in this place.
 G = Mean time per level.
                   A        B        C        D        E       F      G
               +--------+--------+--------+--------+--------+-----+--------+
         Total |   6801 |   6544 |    257 |   1263 |   4337 |   7 |  971.6 |
       Dungeon |   6801 |   6544 |    257 |   1263 |   4337 |   7 |  971.6 |
               +--------+--------+--------+--------+--------+-----+--------+

Top non-repeatable levels by time:
     D:6: 1567 daAuts
     D:1: 1327 daAuts
     D:4: 1105 daAuts
     D:5: 956 daAuts
     D:2: 761 daAuts
     D:3: 624 daAuts
     D:7: 458 daAuts
